 Dungeon Crawl Stone Soup version 0.26.0-10-g1f06aea511 (webtiles) character file.

Game seed: 3116239221816716740

1400 Borgoz the Ducker (level 8, 0/68 HPs)
             Began as a Ghoul Gladiator on Jan 15, 2021.
             Was an Initiate of Ashenzari.
             Slain by a killer bee (7 damage)
             ... on level 7 of the Dungeon.
             The game lasted 00:08:29 (6028 turns).

Borgoz the Ducker (Ghoul Gladiator)                 Turns: 6028, Time: 00:08:29

Health: 0/68       AC: 14    Str: 18    XL:     8   Next: 69%
Magic:  7/7        EV: 13    Int:  3    God:    Ashenzari [......]
Gold:   291        SH:  5    Dex: 12    Spells: 7/7 levels left

rFire    + . .     SeeInvis .     - Unarmed
rCold    + . .     Faith    .   (no shield)
rNeg     + + +     Spirit   .   j - +3 ring mail {rF+}
rPois    ∞         Reflect  +   b - +0 helmet
rElec    .         Harm     .   (no cloak)
rCorr    .         Rampage  .   (no gloves)
Will     .....                  (no boots)
Stlth    +.........             e - amulet of reflection
HPRegen  0.00/turn              (no ring)
MPRegen  0.10/turn              o - +4 ring of protection

@: no status effects
A: claws 1, cold resistance 1, negative energy resistance 3, inhibited
regeneration, torment resistance, unbreathing
a: Renounce Religion, Curse Item


You were on level 7 of the Dungeon.
You worshipped Ashenzari.
Ashenzari was noncommittal.
You visited 2 branches of the dungeon, and saw 8 of its levels.

You collected 291 gold pieces.

Inventory:

Missiles
 c - a throwing net (quivered)
Armour
 b - a +0 helmet (worn)
 j - a +3 ring mail of fire resistance (worn)
Jewellery
 e - an amulet of reflection (around neck)
 g - an uncursed ring of fire
 o - a +4 ring of protection (right claw)
Wands
 a - a wand of paralysis (5)
Scrolls
 d - 3 scrolls of teleportation
 f - 2 scrolls of remove curse
 h - 3 scrolls of identify
 k - a scroll of enchant weapon
 m - 2 scrolls of fog
 r - a scroll of enchant armour {unknown}
 s - a scroll of magic mapping
Potions
 i - a potion of curing
 l - 2 potions of brilliance
 n - a potion of invisibility
 p - a potion of might
 q - a potion of degeneration {unknown}


   Skills:
 + Level 5.2 Fighting
 - Level 2.7 Throwing
 * Level 4.6 Armour
 * Level 6.0 Dodging
 + Level 5.8 Unarmed Combat


You had 7 spell levels left.
You didn't know any spells.
Your spell library was empty.

Dungeon Overview and Level Annotations

Branches:
Dungeon (7/15)             Temple (1/1) D:4

Altars:
Ashenzari
Cheibriados
Dithmenos
Elyvilon
Fedhas
Hepliaklqana
Kikubaaqudgha
Nemelex Xobeh
Ru
Vehumet
Wu Jian
Xom
Yredelemnul
Zin
The Shining One
Lugonu


Innate Abilities, Weirdness & Mutations

You thrive by killing the living.
You are immune to poison.
You have sharp fingernails.
Your flesh is cold resistant. (rC+)
You are immune to negative energy. (rN+++)
You do not regenerate when monsters are visible.
You are immune to unholy pain and torment.
You can survive without breathing.


Message History

* * * LOW HITPOINT WARNING * * *
You miss the killer bee.
The killer bee is severely wounded.
The killer bee stings you.
* * * LOW HITPOINT WARNING * * *
The killer bee stings you but does no damage.
You miss the killer bee.
The killer bee is severely wounded.
You block the killer bee's attack.
You scratch the killer bee.
You kill the killer bee!
The killer bee closely misses you.
You claw the killer bee!
The killer bee is almost dead.
The killer bee barely misses you. The killer bee stings you.
* * * LOW HITPOINT WARNING * * *
You barely miss the killer bee.
The killer bee is almost dead.
The killer bee stings you!
You die...

##># .... #..
... # #.# #.
#.###.#.#
#.#####.......#
#..@y.<.#
#########


You could see a killer bee.

Vanquished Creatures
  3 ogres
  Blork the orc (D:5)
  2 bullfrogs (D:6)
  A scorpion (D:6)
  4 killer bees (D:7)
  2 hounds
  2 jellies (D:6)
  5 orc wizards
  A bullfrog skeleton (D:5)
  2 centaur skeletons (D:5)
  2 iguanas
  Ijyb (D:2)
  Terence (D:3)
  A worker ant (D:4)
  A hound skeleton (D:5)
  3 gnolls (D:3)
  10 adders
  3 worms (D:2)
  2 dart slugs (D:1)
  8 leopard geckos
  13 orcs
  A ball python (D:3)
  7 giant cockroaches
  13 goblins
  10 hobgoblins
  2 jackals (D:1)
  3 quokkas
  6 bats
  10 frilled lizards
  9 kobolds
  A quokka skeleton (D:4)
  9 rats
139 creatures vanquished.

Vanquished Creatures (others)
  7 plants (D:1)
7 creatures vanquished.

Grand Total: 146 creatures vanquished

Notes
Turn   | Place    | Note
-------+----------+-------------------------------------------
     0 | D:1      | Borgoz the Ghoul Gladiator began the quest for the Orb.
     0 | D:1      | Reached XP level 1. HP: 17/17 MP: 0/0
   115 | D:1      | Reached XP level 2. HP: 25/25 MP: 1/1
   532 | D:1      | Reached skill level 3 in Dodging
   532 | D:1      | Reached XP level 3. HP: 26/30 MP: 2/2
  1327 | D:2      | Reached XP level 4. HP: 28/37 MP: 3/3
  1553 | D:2      | Noticed Ijyb
  1554 | D:2      | Paralysed by Ijyb for 2 turns
  1574 | D:2      | Paralysed by Ijyb for 5 turns
  1586 | D:2      | Killed Ijyb
  1763 | D:2      | Reached XP level 5. HP: 45/45 MP: 4/4
  2162 | D:2      | Found an ornate altar of the Wu Jian Council.
  2372 | D:3      | Noticed Terence
  2402 | D:3      | Killed Terence
  2600 | D:3      | Found a sacrificial altar of Ru.
  2634 | D:3      | Found a sparkling altar of Nemelex Xobeh.
  2666 | D:3      | Found a shadowy altar of Dithmenos.
  2668 | D:3      | Found a glowing golden altar of the Shining One.
  2806 | D:3      | Reached skill level 1 in Armour
  2826 | D:3      | Reached XP level 6. HP: 16/51 MP: 5/5
  3030 | D:3      | Found a broken altar of Ashenzari.
  3038 | D:3      | Reached skill level 4 in Dodging
  3051 | D:3      | Became a worshipper of Ashenzari the Shackled
  3199 | D:3      | Found an ancient bone altar of Kikubaaqudgha.
  3630 | D:4      | Found a staircase to the Ecumenical Temple.
  3639 | Temple   | Entered the Ecumenical Temple
  3866 | D:4      | Reached XP level 7. HP: 59/59 MP: 6/6
  4065 | D:5      | Entered Level 5 of the Dungeon
  4214 | D:5      | Reached skill level 5 in Unarmed Combat
  4387 | D:5      | Noticed Blork the orc
  4423 | D:5      | Killed Blork the orc
  4424 | D:5      | Reached skill level 5 in Dodging
  5083 | D:6      | Reached XP level 8. HP: 67/67 MP: 7/7
  5369 | D:6      | Reached skill level 5 in Fighting
  5597 | D:6      | Found a white marble altar of Elyvilon.
  5655 | D:6      | Found a glowing silver altar of Zin.
  6019 | D:7      | Reached skill level 6 in Dodging
  6028 | D:7      | Slain by a killer bee

Illustrated notes

Levels and vault maps discovered:
D:1:      dpeg_arrival_ternary, layout_loops_ring, minmay_lizard_king
D:2:      kennysheep_the_goblin_king, layout_basic, nzn_wu_jian_council_hall,
          lemuel_another_geyser
D:3:      layout_rooms, nicolae_ru_great_annihilating_truth,
          kiku_gazebo_garden_becter, nemelex_xobeh_ov_fountains_minmay,
          minitemple, cheibrodos_ashenzari_chains, uniq_ijyb, uniq_terence
D:4:      layout_loops_ring, minmay_temple_entry_hall
D:5:      layout_loops_ring, st_stairs_10, grunt_ministairs_7,
          chequers_decorated_corner, uniq_blork_the_orc
D:6:      layout_basic, general_overflow_altar, kennysheep_mini
D:7:      layout_loops_cross, overflow_temple_1_default,
          gammafunk_temple_overflow_forgotten, eino_jars, uniq_pikel
Temple:   corrupted_temple

Skill      XL: |  1  2  3  4  5  6  7  8 |
---------------+-------------------------+-----
Throwing       | 2 |  2.7
Dodging        | 3 4 5 6 |  6.0
Fighting       | 3 4 5 |  5.2
Unarmed Combat | 4 5 |  5.8
Armour         | 1 2 3 4 |  4.6

Action                   |  1- 3 |  4- 6 |  7- 9 || total
-------------------------+-------+-------+-------++-------
Melee: Unarmed           |   127 |   295 |   214 ||   636
       Punch             |       |     4 |     1 ||     5
Throw: Throwing net      |     4 |     1 |       ||     5
  Use: Scroll            |     2 |     5 |     4 ||    11
       Potion            |     2 |       |     3 ||     5
 Stab: Held in net/web   |     2 |     1 |       ||     3
       Paralysed         |       |     1 |       ||     1
Armor: Ring mail         |    40 |   163 |    76 ||   279
Dodge: Dodged            |    72 |   217 |   124 ||   413
Block: Other             |       |       |    32 ||    32
